 Dungeon Crawl Stone Soup version 0.31-a0-1225-g50297eb6a4 (webtiles) character file.

Game seed: 2108543616161068476

487 Maratek the Shooter (level 6, -1/48 HPs)
             Began as a Demonspawn Hunter on Dec 14, 2023.
             Was an Initiate of Gozag.
             Splashed by a jelly's acid (2 damage)
             ... on level 5 of the Dungeon.
             The game lasted 00:07:03 (3011 turns).

Maratek the Shooter (Demonspawn Hunter)             Turns: 3011, Time: 00:07:03

Health: -1/48      AC: 12    Str: 11    XL:     6   Next: 89%
Magic:  6/6        EV:  3    Int: 10    God:    Gozag
Gold:   412        SH:  0    Dex: 21    Spells: 5/5 levels left

rFire   + . .        i - +9 hand axe "Hydrabane" {flame, Dex+3}
rCold   . . .        (no shield)
rNeg    . . .        a - +0 plate armour
rPois   .            (no helmet)
rElec   .            p - +0 cloak
rCorr   .            (no gloves)
SInv    .            (no boots)
Will    .....        (no amulet) Stlth
                     m - ring of protection from fire
HPRegen 0.28/turn    (no ring)
MPRegen 0.10/turn

%: no passive effects
@: brilliant, silenced, gold aura, hasted, very quick
A: demonic guardian 1, ignite blood 2
a: Renounce Religion


You were on level 5 of the Dungeon.
You worshipped Gozag.
Gozag was aware of your devotion.
You visited 1 branch of the dungeon, and saw 5 of its levels.

You collected 451 gold pieces.
You paid 39 gold pieces to Gozag.

Inventory:

Hand Weapons
 i - the +9 hand axe "Hydrabane" (weapon) {flame, Dex+3}
   (You took it off a kobold on level 2 of the Dungeon)

   Dex+3:     It affects your dexterity (+3).
Missiles
 l - a throwing net
Armour
 a - a +0 plate armour (worn)
 p - a +0 cloak (worn)
Jewellery
 m - a ring of protection from fire (left hand)
Scrolls
 b - a scroll of butterflies
 n - a scroll of torment
 o - a scroll of vulnerability
Potions
 d - 2 potions of mutation
 e - a potion of enlightenment
 h - a potion of brilliance
 j - 2 potions of heal wounds
 k - a potion of curing


   Skills:
 * Level 3.8 Fighting
 * Level 2.1 Axes
 - Level 4.0 Ranged Weapons
 * Level 2.2 Armour
 * Level 3.4 Dodging
 * Level 3.3 Stealth


You had 5 spell levels left.
You didn't know any spells.
Your spell library contained the following spells:

 Spells                   Type           Power      Damage    Failure   Level
 Ensorcelled Hibernation  Hex/Ice        0%         N/A       100%        2
 Passwall                 Tmut/Erth      0%         N/A       100%        2
 Ozocubu's Armour         Ice            0%         N/A       100%        3
 Stone Arrow              Conj/Erth      0%         3d7       100%        3
 Swiftness                Air            0%         N/A       100%        3
 Animate Armour           Summ/Erth      0%         N/A       100%        4
 Ozocubu's Refrigeration  Ice            0%         4d7       100%        7
 Lehudib's Crystal Spear  Conj/Erth      0%         10d2      100%        8


Dungeon Overview and Level Annotations

Branches:
Dungeon (5/15)
 Temple: D:4-7

Altars:
Dithmenos
Fedhas
Gozag
Hepliaklqana
Qazlal
Ru
Trog
Vehumet
Yredelemnul

Shops:
D:1 !

Annotations:
D:3 4 runed translucent doors, Crazy Yiuf; wilk's ghost, amateur MiFi
D:5 Duvessa


Innate Abilities, Weirdness & Mutations

A weak demonic guardian rushes to your aid.
Your demonic aura often causes spilled blood to erupt in flames.


Message History

Duvessa hits you with a +0 short sword!
The orc wizard points at you and mumbles some strange words.
You resist with some effort.
You barely miss Duvessa.
Duvessa is moderately wounded.
You hit something. You burn something.
You feel less confused.
Your quasit bites Duvessa but does no damage.
Your quasit claws Duvessa but does no damage.
Your quasit claws Duvessa.
Duvessa hits you but does no damage.
The orc wizard is distracted by your dazzling golden aura.
The orc is distracted by your dazzling golden aura.
Something hits you but does no damage.
You hit Duvessa. You burn Duvessa.
Duvessa is moderately wounded.
You barely miss something.
The orc is no longer distracted by gold.
Duvessa hits you but does no damage.
Your quasit closely misses Duvessa. x2
Your quasit claws Duvessa but does no damage.
Unknown command.
You catch the helpless Duvessa completely off-guard!
You slash Duvessa! You burn Duvessa.
Duvessa is heavily wounded.
You barely miss something. Duvessa hits you with a +0 short sword!
* * * LOW HITPOINT WARNING * * *
Your quasit bites Duvessa but does no damage.
Your quasit claws Duvessa but does no damage.
Your quasit completely misses Duvessa.
The orc wizard is distracted by your dazzling golden aura.
Something hits you but does no damage.
The orc priest is distracted by your dazzling golden aura.
Duvessa is engulfed in blazing flames.
Duvessa hits you with a +0 short sword!
* * * LOW HITPOINT WARNING * * *
A demonic guardian appears!
You hit Duvessa. You burn Duvessa. You punch Duvessa, but do no damage.
Duvessa is almost dead.
You hit something. You burn something. You hit the jelly. You burn the jelly.
Your hands burn!
You die...
Your body crumbles into a pile of gold.

# .......... .
#........ #.#.).....
.##.#.......
......o....#
.......o...#
.......J#..#
.....5e@##.# #
......5§○$.# .#####
........#o.###......
#####...............
#.##.#.$.#o..... #.
#.#..o....... #.
#.#.?##o.....
#.##...## ..o..
#....[## #.o.


You could see Duvessa (berserk, ally target), a jelly, an orc priest, 3 orc
wizards, an orc, a friendly quasit (summoned) and a friendly white imp
(summoned, unsilenced).

Vanquished Creatures
  A phantom (D:4)
  Dowan (D:5)
  A gnoll bouda (D:4)
  An iguana (D:4)
  Terence (D:3)
  2 orc wizards
  7 gnolls (D:4)
  3 adders
  2 worms
  3 dart slugs
  6 orcs
  5 endoplasms
  2 giant cockroaches
  8 hobgoblins
  6 jackals (D:2)
  11 kobolds
  4 quokkas
  8 ball pythons
  8 bats
  5 frilled lizards
  12 goblins
  11 rats
108 creatures vanquished.

Vanquished Creatures (collateral kills)
  Robin (D:4)
  A gnoll (D:4)
2 creatures vanquished.

Grand Total: 110 creatures vanquished

Notes
Turn   | Place    | Note
-------+----------+-------------------------------------------
     0 | D:1      | Maratek the Demonspawn Hunter began the quest for the Orb.
     0 | D:1      | Reached XP level 1. HP: 16/16 MP: 1/1
    34 | D:1      | Reached skill level 1 in Stealth
   117 | D:1      | Gained mutation: Your demonic aura sometimes causes spilled
                  | blood to erupt in flames. [demonic ancestry]
   117 | D:1      | Reached XP level 2. HP: 22/22 MP: 2/2
   264 | D:1      | Found Popequd's Distillery.
   287 | D:1      | Gained mutation: A weak demonic guardian rushes to your
                  | aid. [demonic ancestry]
   287 | D:1      | Reached XP level 3. HP: 28/28 MP: 3/3
   457 | D:2      | Found a faded altar of an unknown god.
   457 | D:2      | Noticed a glass eye
   460 | D:2      | Noticed an eye of devastation
   467 | D:2      | Noticed an eye of devastation
   496 | D:2      | Noticed a shining eye
   538 | D:2      | Reached skill level 4 in Ranged Weapons
   577 | D:2      | Identified the +9 hand axe "Hydrabane" {flame, Dex+3}
   741 | D:2      | Reached XP level 4. HP: 34/34 MP: 4/4
   987 | D:3      | Found a bloodstained altar of Trog.
   992 | D:3      | Found a sacrificial altar of Ru.
   993 | D:3      | Found a radiant altar of Vehumet.
   993 | D:3      | Found an opulent altar of Gozag.
   995 | D:3      | Found a shadowy altar of Dithmenos.
  1000 | D:3      | Became a worshipper of Gozag Ym Sagoz the Greedy
  1003 | D:3      | Found a blossoming altar of Fedhas.
  1121 | D:3      | Found a runed translucent door.
  1122 | D:3      | Noticed Crazy Yiuf
  1210 | D:3      | Found a stormy altar of Qazlal.
  1326 | D:3      | Found a runed translucent gate.
  1326 | D:3      | Found a runed translucent gate.
  1326 | D:3      | Found a runed translucent gate.
  1352 | D:3      | Noticed Terence
  1365 | D:3      | Killed Terence
  1408 | D:3      | Noticed wilk's ghost (amateur MiFi)
  1864 | D:4      | Reached skill level 1 in Axes
  1864 | D:4      | Reached skill level 1 in Armour
  1864 | D:4      | Reached XP level 5. HP: 11/41 MP: 5/5
  2228 | D:4      | Noticed Robin
  2239 | D:4      | Noticed a phantom
  2241 | D:4      | Gained mutation: Your demonic aura often causes spilled
                  | blood to erupt in flames. [demonic ancestry]
  2241 | D:4      | Reached XP level 6. HP: 23/47 MP: 6/6
  2366 | D:4      | Found a basalt altar of Yredelemnul.
  2376 | D:4      | Killed Robin
  2721 | D:4      | Found a hazy altar of Hepliaklqana.
  2984 | D:5      | Entered Level 5 of the Dungeon
  2993 | D:5      | Noticed Dowan
  2994 | D:5      | Noticed Duvessa
  3002 | D:5      | Killed Dowan
  3010 | D:5      | HP: 1/48 [Duvessa/+0 short sword (11)]
  3011 | D:5      | Splashed by a jelly's acid

Illustrated notes

Levels and vault maps discovered:
D:1:      lightli_arrival_farm, layout_rooms, serial_shops, shop
D:2:      layout_rooms, hellmonk_ecumenical_altar_watching_god,
          minmay_heptomino_w4
D:3:      layout_basic, nicolae_qazlal_eye_of_the_storm, minitemple,
          gammafunk_ghost_icy, uniq_crazy_yiuf_cottage, uniq_terence
D:4:      layout_basic, yredelemnul_altar_generic,
          worldfamousw_hep_ancestral_shrine, uniq_robin
D:5:      layout_rooms, mainiacjoe_overflow_cross_hatched, st_stairs_6,
          kennysheep_generic_room_3, uniq_menkaure, uniq_duvessa, uniq_edmund

Skill      XL: |  1  2  3  4  5  6 |
---------------+-------------------+-----
Stealth        | 1 2 3 |  3.3
Dodging        | 2 3 |  3.4
Ranged Weapons | 4 |  4.0
Fighting       | 3 |  3.8
Axes           | 1 2 |  2.1
Armour         | 1 2 |  2.2

Action                     |  1- 3 |  4- 6 || total
---------------------------+-------+-------++-------
  Melee: Hand axe          |    10 |   104 ||   114
         Punch             |       |     3 ||     3
   Fire: Shortbow          |   102 |       ||   102
    Use: Scroll            |       |     5 ||     5
         Potion            |       |     8 ||     8
   Stab: Sleeping          |     2 |       ||     2
         Distracted        |       |     4 ||     4
         Invisible         |       |     2 ||     2
 Armour: Leather armour    |    20 |       ||    20
         Plate armour      |       |   128 ||   128
  Dodge: Dodged            |    34 |    12 ||    46

Table legend: (Time is in decaauts)
 A = Elapsed time spent in this place.
 B = Non-inter-level travel time spent in this place.
 C = Inter-level travel time spent in this place.
 D = Time resting spent in this place.
 E = Time spent auto-exploring this place.
 F = Levels seen in this place.
 G = Mean time per level.
                   A        B        C        D        E       F      G
               +--------+--------+--------+--------+--------+-----+--------+
         Total |   3067 |   2922 |    145 |      0 |   2269 |   5 |  613.4 |
       Dungeon |   3067 |   2922 |    145 |      0 |   2269 |   5 |  613.4 |
               +--------+--------+--------+--------+--------+-----+--------+

Top non-repeatable levels by time:
     D:4: 1237 daAuts
     D:3: 874 daAuts
     D:1: 480 daAuts
     D:2: 455 daAuts
     D:5: 19 daAuts
